 Dungeon Crawl Stone Soup version 0.27-a0-681-g0c81a3c1c3 (webtiles) character file.

Game seed: 11919874497205761055

12 Lanoc the Skirmisher (level 2, -2/25 HPs)
             Began as a Palentonga Abyssal Knight on Mar 19, 2021.
             Was a Follower of Lugonu.
             Slain by an adder (3 damage)
             ... on level 2 of the Dungeon.
             The game lasted 00:01:11 (549 turns).

Lanoc the Skirmisher (Palentonga Abyssal Knight)     Turns: 549, Time: 00:01:12

Health: -2/25      AC:  4    Str: 15    XL:     2   Next: 20%
Magic:  3/3        EV:  9    Int: 12    God:    Lugonu [*.....]
Gold:   27         SH:  0    Dex:  9    Spells: 1/1 levels left

rFire    . . .     SeeInvis +   a - +1 falchion
rCold    . . .     Faith    .   (no shield)
rNeg     . . .     Spirit   .   b - +0 leather armour
rPois    .         Reflect  .   (no helmet)
rElec    .         Harm     .   (no cloak)
rCorr    .         Rampage  .   (no gloves)
Will     .....                  (no barding)
Stlth    +.........             (no amulet)
HPRegen  0.08/turn              (no ring)
MPRegen  0.08/turn              (no ring)

@: brilliant, lethally poisoned (-2 -> -10)
A: large, rugged brown scales 3, see invisible, deformed body, roll 1, armoured
tail
a: Rolling Charge, Renounce Religion, Depart the Abyss


You were on level 2 of the Dungeon.
You worshipped Lugonu.
Lugonu was aware of your devotion.
You visited 1 branch of the dungeon, and saw 2 of its levels.
You visited the Abyss 1 time.

You collected 27 gold pieces.

Inventory:

Hand Weapons
 a - a +1 falchion (weapon)
Armour
 b - a +0 leather armour (worn)
Jewellery
 d - a ring of poison resistance
Potions
 f - a potion of brilliance


   Skills:
 + Level 3.1 Fighting
 * Level 2.3 Long Blades
 + Level 1.7 Armour
 + Level 1.0 Dodging
 + Level 2.1 Invocations


You had one spell level left.
You didn't know any spells.
Your spell library contained the following spells:

 Spells                   Type           Power      Damage    Failure   Level
 Animate Skeleton         Necr           0%         N/A       38%         1
 Apportation              Tloc           0%         N/A       38%         1
 Corona                   Hex            0%         N/A       38%         1
 Summon Small Mammal      Summ           0%         N/A       38%         1


Dungeon Overview and Level Annotations

Branches:
Dungeon (2/15)

Altars:

Annotations:
D:2 Terence


Innate Abilities, Weirdness & Mutations

You are completely covered in rugged brown scales. (AC +3, +7% HP)
You have supernaturally acute eyesight. (SInv)
Armour fits poorly on your strangely shaped body.
You can roll at nearby foes to attack.
You have a long armoured tail.


Message History

The adder poisons you!
It was a potion of brilliance.
You feel clever all of a sudden.
You feel sick. The adder completely misses you.
You riposte.
You closely miss the adder.
The adder is moderately wounded.
The adder bites you but does no damage.
You closely miss the adder.
The adder is moderately wounded.
You feel sick. The adder barely misses you.
You riposte.
You hit the adder.
The adder is heavily wounded.
You barely miss the adder.
The adder is heavily wounded.
The adder bites you but does no damage. The adder bites you.
You barely miss the adder.
The adder is heavily wounded.
You feel sick. The adder bites you.
* * * LOW HITPOINT WARNING * * *
You miss the adder.
The adder is heavily wounded.
The adder bites you but does no damage. The adder closely misses you.
Okay, then.
You closely miss the adder.
The adder is heavily wounded.
* * * LOW HITPOINT WARNING * * *
You feel sick. The adder bites you but does no damage.
You hit the adder.
The adder is almost dead.
The adder bites you but does no damage. x2
You closely miss the adder.
The adder is almost dead.
The adder bites you.
* * * LOW HITPOINT WARNING * * *
You are more poisoned.
The adder poisons you! The adder barely misses you.
You miss the adder.
Your tail-slap misses the adder.
The adder is almost dead.
* * * LOW HITPOINT WARNING * * *
You feel sick. The adder bites you.
You die...

### #.. #.#
####### #.#
.......##.#
#...@S@.#
#.#####.# #.#
#.# # #.#
#..#####.#
.........##
>#.#.#...###
#.............#


You could see Terence and an adder.

Vanquished Creatures
  2 giant cockroaches (D:1)
  A goblin (D:1)
  2 hobgoblins (D:1)
  A bat (D:1)
  3 frilled lizards
  2 kobolds (D:1)
  2 rats (D:1)
13 creatures vanquished.

Notes
Turn   | Place    | Note
-------+----------+-------------------------------------------
     0 | Abyss:1  | Lanoc the Palentonga Abyssal Knight began the quest for the
                  | Orb.
     0 | Abyss:1  | Reached XP level 1. HP: 19/19 MP: 2/2
    10 | D:1      | Escaped the Abyss
   434 | D:1      | Reached skill level 1 in Dodging
   438 | D:1      | Reached XP level 2. HP: 25/25 MP: 3/3
   527 | D:2      | Noticed Terence
   549 | D:2      | HP: 1/25 [poisoned by an adder]
   549 | D:2      | Slain by an adder

Illustrated notes

Levels and vault maps discovered:
D:1:      onia_arrival_mini_maze, layout_basic, minmay_misc_feat_chi,
          roderic_roman_lattice
D:2:      layout_loops_ring, overflow_temple_1_default, serial_shops, shop,
          uniq_sigmund, uniq_terence

Skill      XL: |  1 |
---------------+----+-----
Dodging        | 1 |  1.0
Fighting       | |  3.1
Long Blades    | |  2.3
Armour         | |  1.7
Invocations    | |  2.1

Action                   || total
-------------------------++-------
Melee: Falchion          ||    52
       Tailslap          ||     2
 Abil: Rolling Charge    ||     8
  Use: Potion            ||     3
Armor: Leather armour    ||    23
Dodge: Dodged            ||    27
       Rpst.: Falchion   ||     7

Table legend: (Time is in decaauts)
 A = Elapsed time spent in this place.
 B = Non-inter-level travel time spent in this place.
 C = Inter-level travel time spent in this place.
 D = Time resting spent in this place.
 E = Time spent auto-exploring this place.
 F = Levels seen in this place.
 G = Mean time per level.
                   A        B        C        D        E       F      G
               +--------+--------+--------+--------+--------+-----+--------+
         Total |    558 |    544 |     14 |      0 |    445 |   3 |  186.0 |
       Dungeon |    548 |    534 |     14 |      0 |    443 |   2 |  274.0 |
         Abyss |     10 |     10 |      0 |      0 |      2 |   1 |   10.0 |
               +--------+--------+--------+--------+--------+-----+--------+

Top non-repeatable levels by time:
     D:1: 514 daAuts
     D:2: 34 daAuts
 Abyss:1: 10 daAuts
